Map: Blackpink LE

Players

JonSnow

  • Race: Zerg Zerg
  • League: Grandmaster
  • Spawn Location: 1:00

Neeb - Winner!

  • Race: Protoss Protoss
  • League: Master
  • Spawn Location: 7:00

VOD

Have the link to the VOD?

Description

Time

  • Played on: Dec. 23, 2017, 7:40 p.m.
  • Length: 10:48
Show
View Real Time Build Order
Export as new Build Order

JonSnow Zerg 

Build Orders: Hatch First 

Get SALT Encoding   

  12  0:00  Drone  
  13  0:13  Overlord  
  13  0:17  Drone  
  14  0:31  Drone x2  
  16  0:35  Drone  
  17  0:52  Hatchery  
  17  0:55  Drone  
  17  1:03  Drone  
  18  1:11  Extractor  
  17  1:15  Spawning Pool  
  17  1:16  Drone  
  17  1:21  Drone  
  18  1:29  Drone  
  19  1:43  Overlord  
  19  1:52  Drone  
  20  2:02  Queen, Zergling x2  
  20  2:04  Queen, Zergling x2  
  26  2:11  Metabolic Boost  
  26  2:13  Drone  
  27  2:29  Hatchery  
  26  2:33  Drone  
  28  2:37  Drone  
  28  2:38  Drone  
  28  2:41  Drone  
  30  2:47  Drone  
  30  2:48  Drone  
  32  2:52  Overlord  
  32  3:00  Zergling x4  
  34  3:09  Zergling x6  
  35  3:13  Zergling x4  
  35  3:16  Drone x2  
  35  3:17  Drone  
  35  3:18  Drone  
  41  3:25  Drone  
  41  3:26  Spore Crawler  
  41  3:27  Spore Crawler  
  41  3:31  Queen  
  42  3:36  Drone x2  
  44  3:41  Drone  
  44  3:46  Overlord  
  44  3:47  Queen  
  47  3:51  Drone x2  
  47  3:53  Drone  
  50  3:57  Overlord  
  50  4:02  Overlord  
  50  4:06  Lair  
  49  4:17  Drone x7  
  49  4:21  Drone x2  
  49  4:23  Extractor  
  55  4:26  Spore Crawler  
  55  4:28  Zergling x4  
  55  4:30  Drone  
  57  4:36  Drone x4  
  60  4:40  Extractor  
  60  4:43  Drone x3  
  60  4:56  Drone x3  
  60  4:57  Drone x2  
  63  5:01  Zergling x8  
  63  5:02  Baneling Nest  
  63  5:05  Zergling x6  
  69  5:11  Hydralisk Den  
  69  5:12  Zergling x6  
  69  5:13  Zergling x2  
  72  5:18  Zergling x2  
  73  5:32  Drone  
  73  5:35  Overlord x2  
  74  5:39  Zergling x2  
  73  5:47  Zergling x2  
  73  5:48  Zergling x8  
  71  5:52  Zergling x8  
  71  6:01  Hydralisk x3  
  75  6:06  Hydralisk  
  75  6:09  Hydralisk x3  
  82  6:15  Muscular Augments  
  82  6:17  Extractor  
  81  6:28  Hydralisk x2  
  81  6:29  Hydralisk, Zergling x2  
  81  6:30  Zergling x4  
  81  6:32  Hydralisk  
  82  6:33  Zergling x2  
  84  6:40  Drone x4  
  84  6:44  Drone  
  84  6:46  Baneling x2  
  89  6:55  Overlord  
  89  6:56  Centrifical Hooks  
  89  6:57  Overlord  
  89  6:59  Extractor  
  89  7:00  Drone  
  89  7:04  Overlord  
  89  7:08  Drone  
  90  7:09  Overlord  
  90  7:12  Hatchery  
  90  7:15  Hydralisk x4  
  89  7:16  Zergling x2  
  89  7:17  Zergling x4  
  100  7:24  Hydralisk  
  100  7:25  Hydralisk  
  100  7:26  Extractor, Zergling x2  
  100  7:29  Hydralisk  
  104  7:31  Zergling x4  
  104  7:34  Hydralisk  
  104  7:36  Zergling x4  
  112  7:38  Overseer  
  112  7:45  Zergling x10  
  116  8:00  Baneling x4  
  116  8:01  Baneling x5  
  116  8:02  Zergling x10  
  121  8:08  Overlord x2  
  121  8:11  Baneling x3, Evolution Chamber  
  116  8:25  Zergling x18  
  118  8:28  Zergling x6  
  118  8:39  Hydralisk x3  
  118  8:40  Zergling x4  
  97  8:48  Hydralisk x3  
  97  8:54  Baneling x7  
  103  9:01  Hydralisk x2  
  101  9:04  Zergling x2  
  86  9:18  Hydralisk x5  
  86  9:19  Zergling x2  
  86  9:23  Hydralisk  
  79  9:25  Zergling x2  
  79  9:27  Zergling x2  
  79  9:28  Zergling x2  
  76  9:35  Zergling x8  
  80  9:42  Zergling x6  
  83  9:50  Zergling x8  
  87  9:56  Zergling x6  
  90  10:04  Baneling x3  
  90  10:05  Baneling x4  
  90  10:06  Baneling x2  
  90  10:11  Zergling x2  
  90  10:12  Zergling x4  
  90  10:13  Baneling  
  90  10:14  Baneling  
  93  10:17  Baneling x4  
  93  10:18  Baneling  
  93  10:19  Baneling  
  88  10:25  Zergling x6  
Show
View Real Time Build Order
Export as new Build Order

Neeb Protoss - Winner!

Build Orders: Nexus First, Oracle Opening, Phoenix Opening, Zealot Archon 

Get SALT Encoding   

  12  0:00  Probe  
  13  0:13  Probe  
  14  0:19  Pylon  
  14  0:25  Probe (Chrono Boost)  
  15  0:38  Probe (Chrono Boost)  
  16  0:46  Probe (Chrono Boost)  
  17  0:52  Probe  
  18  1:01  Nexus  
  18  1:11  Gateway  
  18  1:13  Probe  
  19  1:19  Assimilator  
  19  1:25  Probe (Chrono Boost)  
  19  1:27  Assimilator  
  20  1:38  Probe (Chrono Boost)  
  21  1:41  Pylon  
  21  1:44  Probe (Chrono Boost)  
  22  1:52  Probe (Chrono Boost)  
  22  1:59  Cybernetics Core  
  22  2:04  Probe (Chrono Boost)  
  23  2:14  Probe (Chrono Boost)  
  23  2:15  Probe (Chrono Boost)  
  25  2:22  Probe (Chrono Boost)  
  27  2:23  Probe (Chrono Boost)  
  27  2:27  Probe (Chrono Boost)  
  28  2:30  Probe  
  28  2:35  Stargate  
  28  2:36  Adept  
  31  2:37  Warp Gate  
  31  2:39  Probe  
  31  2:42  Probe  
  33  2:51  Probe  
  33  2:55  Gateway  
  33  2:56  Probe  
  35  3:03  Adept, Pylon  
  37  3:05  Probe  
  37  3:08  Probe  
  39  3:14  Pylon  
  39  3:17  Oracle (Chrono Boost)  
  39  3:18  Probe  
  43  3:22  Probe  
  44  3:30  Probe  
  44  3:31  Gateway  
  44  3:34  Adept  
  47  3:35  Probe  
  48  3:42  Probe  
  48  3:46  Phoenix (Chrono Boost), Pylon  
  48  3:47  Probe  
  52  3:52  Assimilator  
  52  3:54  Probe  
  53  3:58  Adept  
  53  4:00  Probe  
  53  4:01  Adept  
  58  4:06  Probe  
  59  4:12  Probe  
  58  4:18  Shield Battery, Probe  
  58  4:20  Pylon  
  58  4:24  Oracle, Probe  
  61  4:25  Assimilator  
  61  4:26  Pylon  
  61  4:30  Probe  
  63  4:37  Probe  
  64  4:42  Probe  
  65  4:48  Adept x3  
  65  4:49  Probe  
  72  4:56  Nexus  
  73  5:01  Probe  
  73  5:03  Pylon  
  74  5:08  Adept x3  
  74  5:09  Probe  
  80  5:15  Probe  
  81  5:21  Probe  
  81  5:28  Probe  
  83  5:30  Robotics Facility  
  83  5:33  Probe  
  84  5:35  Sentry  
  84  5:36  Sentry x2  
  84  5:40  Probe  
  91  5:45  Probe  
  88  5:52  Probe  
  88  5:55  Forge  
  87  5:57  Twilight Council  
  87  5:58  Probe  
  87  5:59  Gateway  
  87  6:02  Sentry x2  
  87  6:03  Zealot  
  94  6:08  Gateway, Probe  
  94  6:09  Gateway  
  94  6:10  Probe  
  94  6:11  Probe  
  97  6:20  Assimilator, Probe  
  97  6:21  Protoss Ground Weapons Level 1 (Chrono Boost)  
  97  6:22  Assimilator, Observer  
  97  6:23  Probe  
  97  6:24  Charge (Chrono Boost), Probe  
  101  6:32  Probe  
  100  6:35  Zealot x3, Probe  
  100  6:36  Probe  
  108  6:40  Templar Archives  
  108  6:44  Shield Battery x2, Probe  
  109  6:51  Pylon  
  109  6:53  Pylon  
  109  6:55  Pylon  
  109  6:56  Pylon  
  109  7:04  Pylon  
  109  7:05  Gateway x2  
  109  7:09  Probe  
  109  7:11  Warp Prism (Chrono Boost), Zealot x4  
  120  7:17  High Templar x2  
  124  7:24  Archon  
  124  7:29  Photon Cannon  
  124  7:30  Nexus  
  124  7:39  Pylon  
  124  7:40  Pylon  
  124  7:43  Gateway, Probe  
  124  7:44  Gateway, Probe x2  
  127  7:48  High Templar x4  
  127  7:49  High Templar  
  127  7:50  High Templar  
  139  7:53  Archon  
  139  7:54  Archon  
  139  7:56  Archon  
  139  8:00  Pylon  
  139  8:01  Pylon  
  139  8:03  Protoss Ground Weapons Level 2 (Chrono Boost)  
  139  8:04  Zealot x2  
  141  8:23  Zealot x6  
  140  8:40  Zealot x4  
  142  8:44  Zealot x6  
  148  8:49  Probe x2  
  148  8:51  Probe x2  
  148  8:54  Assimilator  
  152  8:58  Assimilator  
  152  8:59  Gateway  
  146  9:03  Gateway  
  146  9:04  Zealot  
  146  9:05  Zealot x4  
  146  9:07  Zealot  
  146  9:09  Pylon  
  148  9:17  Zealot  
  148  9:18  Zealot x3  
  122  9:31  High Templar x6  
  122  9:38  High Templar x4  
  124  9:43  Archon  
  124  9:44  Archon x3  
  124  9:45  Archon  
  124  9:51  Photon Cannon  
  124  9:52  Photon Cannon  
  124  9:54  Shield Battery  
  124  9:56  Warp Prism  
  124  9:57  Shield Battery  
  126  10:06  Zealot x8  
  142  10:12  Photon Cannon x2, High Templar x3  
  142  10:13  High Templar  
  150  10:16  Archon  
  144  10:22  Archon  
  144  10:26  Zealot x8  
Tags
 
Add a new tag
Caveats
  • Supply blocks, unpowered buildings, or Contaminate may cause inaccurate times.
  • Supply counts are checked every 10 seconds.